 Dungeon Crawl Stone Soup version 0.29.0-10-g45618ea6d2 (webtiles) character file.

Game seed: 14418248638273966917

129 gelatine the Shooter (level 4, -10/34 HPs)
             Began as a Demonspawn Hunter on Sept 1, 2022.
             Killed from afar by Ijyb (20 damage)
             ... with a bolt of dispelling energy
             ... on level 3 of the Dungeon.
             The game lasted 00:03:58 (1488 turns).

gelatine the Shooter (Demonspawn Hunter)            Turns: 1488, Time: 00:03:59

Health: -10/34     AC:  9    Str: 12    XL:     4   Next: 88%
Magic:  4/4        EV: 12    Int: 10    God:
Gold:   86         SH:  5    Dex: 18    Spells: 3/3 levels left

rFire   . . .      SeeInvis .   i - +1 sling (flame)
rCold   . . .      Faith    .   (no shield)
rNeg    . . .      Spirit   .   c - +0 leather armour
rPois   .          Reflect  +   (no helmet)
rElec   .          Harm     .   (no cloak)
rCorr   .          Rampage  .   (no gloves)
Will    .....                   (no boots)
Stlth   ++........              l - amulet of reflection
HPRegen 0.11/turn               k - ring of wizardry
MPRegen 0.09/turn               (no ring)

@: sanguine armoured
A: foul stench 1, sanguine armour 1, weakness stinger 1
a: no special abilities


You were on level 3 of the Dungeon.
You visited 1 branch of the dungeon, and saw 3 of its levels.

You collected 86 gold pieces.

Inventory:

Hand Weapons
 a - a +0 shortbow
 i - a +1 sling of flaming (weapon)
 n - the +0 war axe "Ybluocalum" {antimagic, Drain rPois rF+}
   (You found it on level 2 of the Dungeon)

   It reduces the magical energy of the wielder, and disrupts the spells and
   magical abilities of those it strikes.
   Natural abilities and divine invocations are not affected.
   rF:        It protects you from fire.
   rPois:     It protects you from poison.
   Drain:     It drains your maximum health when unequipped.
Armour
 c - a +0 leather armour (worn)
 e - a +0 tower shield
 f - a +0 ring mail
Jewellery
 k - a ring of wizardry (left hand)
 l - an amulet of reflection (around neck)
Scrolls
 b - a scroll of immolation
 d - 2 scrolls of identify {unknown}
 h - a scroll of butterflies {unknown}
 j - 2 scrolls of enchant weapon {unknown}
 m - 2 scrolls of magic mapping {unknown}
Potions
 g - a potion of attraction {unknown}
 o - a potion of curing {unknown}
 p - a potion of haste {unknown}


   Skills:
 * Level 2.5 Fighting
 * Level 5.3 Ranged Weapons
 + Level 0.3 Armour
 * Level 2.1 Dodging
 + Level 0.8 Stealth


You had 3 spell levels left.
You didn't know any spells.
Your spell library contained the following spells:

 Spells                   Type           Power      Damage    Failure   Level
 Foxfire                  Conj/Fire      0%         2x1d4     19%         1
 Conjure Flame            Conj/Fire      0%         6-21      47%         3
 Inner Flame              Hex/Fire       0%         N/A       47%         3
 Flame Wave               Conj/Fire      0%         2d4       86%         4


Dungeon Overview and Level Annotations

Branches:
Dungeon (3/15)

Altars:

Shops:
D:1 (

Annotations:
D:3 Ijyb


Innate Abilities, Weirdness & Mutations

You may rarely emit foul miasma when damaged in melee.
When seriously injured, your blood forms armour. (AC +6)
You have a small tail.


Message History

Found a stone staircase leading up.
You open the door.
A ball python comes into view.
You shoot a sling bullet. The sling bullet hits the ball python.
The sling bullet burns the ball python.
You kill the ball python!
No target in view!
No target in view!
There is an open door here.
Done exploring.
There is an escape hatch in the floor here.
There is a stone staircase leading down here.
You climb downwards.
Found a metallic orange potion and a scroll labelled YGIETELILU.
There is a stone staircase leading up here.
You shoot a sling bullet. The sling bullet hits the quokka!
The sling bullet burns the quokka.
You kill the quokka!
j - 2 scrolls labelled YGIETELILU (gained 1)
p - a metallic orange potion Ijyb the Twisted Goblin comes into view.
She is wielding a +0 dagger and carrying a wand of quicksilver (13).
Ijyb shouts!
You shoot a sling bullet.
The sling bullet hits Ijyb but does no damage.
Ijyb zaps a wand.
The bolt of dispelling energy hits you!
You shoot a sling bullet. The sling bullet hits Ijyb.
The sling bullet burns Ijyb.
Ijyb is moderately wounded.
You shoot a sling bullet. The sling bullet hits Ijyb.
The sling bullet burns Ijyb.
Ijyb is heavily wounded.
Ijyb zaps a wand.
The bolt of dispelling energy hits you!
* * * LOW HITPOINT WARNING * * *
Your blood congeals into armour.
You are too injured to fight recklessly!
You are too injured to fight recklessly!
Ijyb zaps a wand.
The bolt of dispelling energy hits you!!
Ouch! That really hurt!
You die...

#..........# .
#..........### ..
#............ ...
#####..........## ....
................#
.....
#.#........#.###......
#..........#......!...
##...........g........
#.....@....##........
#..........##........
#...........#.........
#................###..
##............##.# .
###.......#### .#
###.....# ......#


You could see Ijyb.

Vanquished Creatures
  An ogre (D:2)
  A worm (D:2)
  8 ball pythons
  2 bats
  5 endoplasms
  A giant cockroach (D:1)
  2 hobgoblins (D:2)
  2 quokkas
  3 frilled lizards
  7 kobolds
  6 rats
38 creatures vanquished.

Notes
Turn   | Place    | Note
-------+----------+-------------------------------------------
     0 | D:1      | gelatine the Demonspawn Hunter began the quest for the Orb.
     0 | D:1      | Reached XP level 1. HP: 16/16 MP: 1/1
   216 | D:1      | Found Didoz's Antique Weapon Shoppe.
   236 | D:1      | Reached skill level 4 in Ranged Weapons
   243 | D:1      | Gained mutation: You have a small tail. [demonic ancestry]
   243 | D:1      | Reached XP level 2. HP: 22/22 MP: 2/2
   752 | D:2      | Noticed an ogre
   756 | D:2      | Killed an ogre
   757 | D:2      | Reached skill level 5 in Ranged Weapons
   757 | D:2      | Gained mutation: When seriously injured, your blood forms
                  | armour. (AC +6) [demonic ancestry]
   757 | D:2      | Reached XP level 3. HP: 28/28 MP: 3/3
   757 | D:2      | Gained mutation: You may rarely emit foul miasma when
                  | damaged in melee. [demonic ancestry]
   757 | D:2      | Reached XP level 4. HP: 34/34 MP: 4/4
   997 | D:2      | Found a faded altar of an unknown god.
  1155 | D:2      | Identified the +0 war axe "Ybluocalum" {antimagic, Drain
                  | rPois rF+}
  1478 | D:3      | Noticed Ijyb
  1488 | D:3      | Killed from afar by Ijyb

Illustrated notes

Levels and vault maps discovered:
D:1:      amcnicky_arrival_gap_in_the_tavern_cellar, layout_basic, serial_shops,
          nicolae_diamond_shop
D:2:      layout_basic, nicolae_ecumenical_snake_handling, minmay_circled_x
D:3:      layout_rooms, yredelemnul_forgotten_temple_becter, serial_shops,
          nicolae_shop_stone, kennysheep_cluttered_room, uniq_ijyb

Skill      XL: |  1  2 |
---------------+-------+-----
Ranged Weapons | 4 5 |  5.3
Dodging        | 2 |  2.1
Fighting       | |  2.5
Armour         | |  0.3
Stealth        | |  0.8

Action                   |  1- 3 |  4- 6 || total
-------------------------+-------+-------++-------
 Fire: Shortbow          |    31 |       ||    31
       Sling             |    13 |    49 ||    62
Armor: Leather armour    |     2 |     2 ||     4
Dodge: Dodged            |     3 |     6 ||     9
